 Dungeon Crawl Stone Soup version 0.31.0-1-g2c135a0 (webtiles) character file.

Game seed: 3681352195809853084

2 bonegar the Sneak (level 1, -2/15 HPs)
             Began as a Naga Enchanter on Feb 3, 2024.
             Slain by a quokka (4 damage)
             ... on level 1 of the Dungeon.
             The game lasted 00:00:37 (81 turns).

bonegar the Sneak (Naga Enchanter)                    Turns: 81, Time: 00:00:37

Health: -2/15      AC:  1    Str: 10    XL:     1   Next: 40%
Magic:  3/3        EV:  9    Int: 15    God:
Gold:   1          SH:  0    Dex: 11    Spells: 4/4 levels left

rFire   . . .        a - +1 dagger
rCold   . . .        (no shield)
rNeg    . . .        b - +0 robe
rPois   +            (no helmet)
rElec   .            (no cloak)
rCorr   .            (no gloves)
SInv    +            (no barding)
Will    .....        (no amulet)
Stlth   +++          (no ring)
HPRegen 0.22/turn    (no ring)
MPRegen 0.08/turn

%: no passive effects
@: very slow
A: AC +0, large, see invisible, deformed body, poison resistance, slowness 2,
spit poison 1, naga tail 1
a: Spit Poison


You were on level 1 of the Dungeon.
You visited 1 branch of the dungeon, and saw 1 of its levels.

You collected 1 gold pieces.

Inventory:

Hand Weapons
 a - a +1 dagger (weapon)
Armour
 b - a +0 robe (worn)
Scrolls
 e - a scroll of poison {unknown}
 f - a scroll of vulnerability {unknown}
Potions
 c - 2 potions of invisibility
 d - a potion of heal wounds {unknown}


   Skills:
 + Level 1.0 Short Blades
 + Level 1.5 Dodging
 + Level 4.5 Stealth
 + Level 2.0 Spellcasting
 + Level 3.0 Hexes


You had 4 spell levels left.
You didn't know any spells.
Your spell library contained the following spells:

 Spells                   Type           Power      Damage    Failure   Level
 Ensorcelled Hibernation  Hex/Ice        12%        N/A       19%         2
 Confusing Touch          Hex            10%        N/A       19%         3
 Tukima's Dance           Hex            10%        N/A       19%         3
 Dazzling Flash           Conj/Hex       12%        N/A       34%         3


Dungeon Overview and Level Annotations

Branches:
Dungeon (1/15)

Altars:


Innate Abilities, Weirdness & Mutations

Your serpentine skin is tough. (AC +0)
You have supernaturally acute eyesight. (SInv)
Armour fits poorly on your strangely shaped body.
Your system is resistant to poisons. (rPois)
You cover ground very slowly.
You can spit poison.
You have a snake-like lower body.


Message History

The helpless goblin fails to defend itself.
You puncture the goblin!
You kill the goblin!
The ball python hisses angrily. x2
The ball python bites you. The ball python closely misses you.
The ball python bites you.
You hit the ball python.
You kill the ball python!
The ball python bites you but does no damage.
The ball python barely misses you.
You hit the ball python.
The ball python is moderately wounded.
The ball python barely misses you.
You hit the ball python.
You kill the ball python!
f - a scroll labelled IHOENO ZEUHOK A quokka comes into view.
Found 8 stones.
Found a stone staircase leading down.
The quokka bites you. The quokka barely misses you.
You miss the quokka. The quokka bites you.
You hit the quokka.
The quokka is moderately wounded.
The quokka bites you.
You closely miss the quokka.
The quokka is moderately wounded.
The quokka barely misses you.
You miss the quokka.
The quokka is moderately wounded.
The quokka closely misses you.
You closely miss the quokka.
The quokka is moderately wounded.
The quokka bites you but does no damage.
You barely miss the quokka.
The quokka is moderately wounded.
The quokka bites you.
* * * LOW HITPOINT WARNING * * *
You hit the quokka.
The quokka is almost dead.
The quokka closely misses you. The quokka bites you.
You die...

#.....####
#>#...(..##
###.........##
............#
#..........#
#..........#
#...r......# ..
#....@.....#
.#.##.........##
...............#
#.............#
.##......)......#
...............#
...............#
..#.#.....†..##
#.........##


You could see a quokka.

Vanquished Creatures
  A goblin (D:1)
  2 ball pythons (D:1)
3 creatures vanquished.

Notes
Turn   | Place    | Note
-------+----------+-------------------------------------------
     0 | D:1      | bonegar the Naga Enchanter began the quest for the Orb.
     0 | D:1      | Reached XP level 1. HP: 15/15 MP: 3/3
    81 | D:1      | Slain by a quokka

Illustrated notes

Levels and vault maps discovered:
D:1:      minmay_arrival_nine_rooms, layout_rooms

Action                     || total
---------------------------++-------
  Melee: Dagger            ||    11
   Stab: Sleeping          ||     1
 Armour: Robe              ||     9
  Dodge: Dodged            ||     7
